General information
- name: BNet
- type: Ladder team game (AT/RT)
- host: Battle.net
- saver: kunt.roII
map: Monsoon
- players: 6
- length: 49:14
- speed: Fast
- version: 1.23 W3XP
- replay type: Public
» download(338 KB)
Players
team 1 (winner)
Ishamal (
pink | 56 APM | 2758 actions | 48:55)
5 Archmage
3 Blizzard
2 Brilliance Aura
5 Blood Mage
3 Flame Strike
2 Siphon Mana
4 Paladin
2 Holy Light
2 Divine Shield
» actions
| Assign group hotkey | 3 | |
| Basic commands | 13 | |
| Build / train | 91 | |
| Enter build submenu | 48 | |
| Enter hero's abilities submenu | 14 | |
| Give item / drop item | 6 | |
| Right click | 1634 | |
| Select / deselect | 429 | |
| Select group hotkey | 194 | |
| Use ability | 326 | |
2758 total
» units
| Peasant | 16 | |
| Priest | 1 | |
| Sorceress | 1 | |
18 total
» upgrades
| Masonry | 3 | |
| Lumber Harvesting | 3 | |
| Magic Sentry | 1 | |
| Sorceress Training | 1 | |
8 total
» buildings
| Altar of Kings | 1 | |
| Farm | 5 | |
| Scout Tower | 128 | |
| Lumber Mill | 1 | |
| Arcane Tower | 2 | |
| Guard Tower | 26 | |
| Keep | 1 | |
| Arcane Vault | 2 | |
| Town Hall | 1 | |
| Castle | 1 | |
| Arcane Sanctum | 2 | |
170 total
» build order
00:03 Altar of Kings
00:20 Farm
00:44 Scout Tower
00:50 Farm
00:58 Lumber Mill
01:09 Scout Tower
01:42 Arcane Tower
01:59 Scout Tower
02:25 Guard Tower
02:34 Guard Tower
02:42 Scout Tower
02:44 Scout Tower
02:45 Scout Tower
02:45 Scout Tower
02:46 Scout Tower
03:28 Scout Tower
03:29 Guard Tower
03:34 Keep
04:22 Guard Tower
04:23 Scout Tower
04:24 Scout Tower
05:34 Scout Tower
05:35 Guard Tower
05:41 Scout Tower
05:42 Scout Tower
05:44 Scout Tower
05:44 Scout Tower
05:45 Scout Tower
05:46 Scout Tower
06:12 Farm
06:14 Guard Tower
07:26 Farm
07:50 Guard Tower
08:52 Arcane Vault
08:55 Arcane Vault
08:57 Guard Tower
09:20 Town Hall
10:01 Castle
10:05 Arcane Sanctum
10:20 Arcane Sanctum
10:57 Farm
13:20 Scout Tower
13:21 Scout Tower
13:22 Scout Tower
13:23 Scout Tower
13:24 Scout Tower
13:25 Scout Tower
15:23 Guard Tower
15:54 Guard Tower
16:13 Arcane Tower
16:18 Scout Tower
16:19 Scout Tower
16:20 Scout Tower
16:21 Scout Tower
16:22 Scout Tower
16:24 Scout Tower
16:25 Scout Tower
16:27 Scout Tower
16:28 Scout Tower
16:28 Scout Tower
16:29 Scout Tower
20:34 Guard Tower
22:27 Guard Tower
22:49 Scout Tower
22:49 Scout Tower
22:50 Scout Tower
22:51 Scout Tower
22:52 Scout Tower
22:52 Scout Tower
25:57 Guard Tower
36:07 Scout Tower
36:09 Scout Tower
36:12 Scout Tower
36:14 Scout Tower
36:14 Scout Tower
36:19 Scout Tower
36:20 Scout Tower
36:21 Scout Tower
36:49 Guard Tower
36:55 Guard Tower
37:14 Scout Tower
37:18 Scout Tower
37:20 Scout Tower
37:23 Scout Tower
37:25 Scout Tower
37:27 Scout Tower
37:29 Scout Tower
37:31 Scout Tower
37:32 Scout Tower
37:53 Guard Tower
38:00 Scout Tower
38:02 Scout Tower
38:08 Guard Tower
38:18 Scout Tower
38:20 Scout Tower
38:21 Scout Tower
38:22 Scout Tower
38:24 Scout Tower
38:41 Guard Tower
38:47 Scout Tower
38:48 Scout Tower
38:53 Guard Tower
39:18 Scout Tower
39:19 Scout Tower
40:48 Guard Tower
40:50 Scout Tower
40:51 Scout Tower
40:53 Scout Tower
40:54 Scout Tower
41:28 Guard Tower
41:31 Scout Tower
41:32 Scout Tower
41:33 Scout Tower
41:34 Scout Tower
41:36 Scout Tower
41:38 Scout Tower
42:07 Guard Tower
44:05 Scout Tower
44:07 Scout Tower
44:08 Scout Tower
44:09 Scout Tower
44:11 Scout Tower
44:15 Scout Tower
44:16 Scout Tower
44:17 Scout Tower
44:18 Scout Tower
46:01 Scout Tower
46:02 Scout Tower
46:03 Scout Tower
46:04 Scout Tower
46:05 Scout Tower
46:07 Scout Tower
46:08 Scout Tower
46:09 Scout Tower
46:10 Scout Tower
46:11 Scout Tower
46:12 Scout Tower
46:13 Scout Tower
46:14 Scout Tower
46:15 Scout Tower
46:16 Scout Tower
46:16 Scout Tower
46:17 Scout Tower
46:19 Scout Tower
46:19 Scout Tower
46:20 Scout Tower
46:21 Scout Tower
46:21 Scout Tower
46:25 Guard Tower
46:26 Scout Tower
46:28 Scout Tower
46:29 Scout Tower
46:30 Scout Tower
46:31 Scout Tower
46:32 Scout Tower
46:33 Scout Tower
46:34 Scout Tower
46:35 Scout Tower
46:36 Scout Tower
47:14 Guard Tower
47:22 Guard Tower
47:28 Scout Tower
47:31 Guard Tower
47:36 Scout Tower
47:37 Scout Tower
47:38 Scout Tower
47:39 Scout Tower
47:40 Scout Tower
47:45 Scout Tower
47:46 Scout Tower
» items
| Periapt of Vitality | 2 | |
| Boots of Speed | 4 | |
| Staff of Teleportation | 3 | |
| Healing Salve | 1 | |
| Scroll of Regeneration | 1 | |
| Staff of Sanctuary | 2 | |
| Potion of Lesser Invulnerability | 1 | |
| Orb of Lightning | 2 | |
| Lesser Clarity Potion | 2 | |
18 total
kunt.roII (
purple | 92 APM | 4536 actions | 49:14)
6 Far Seer
3 Feral Spirit
3 Chain Lighting
» actions
| Assign group hotkey | 122 | |
| Basic commands | 88 | |
| Build / train | 90 | |
| ESC pressed | 6 | |
| Enter build submenu | 147 | |
| Enter hero's abilities submenu | 6 | |
| Give item / drop item | 7 | |
| Right click | 2335 | |
| Select / deselect | 440 | |
| Select group hotkey | 935 | |
| Use ability | 360 | |
4536 total
» units
| Peon | 27 | |
| Mud Golem | 1 | |
| Troll Batrider | 7 | |
| Shaman | 1 | |
| Troll Witch Doctor | 1 | |
37 total
» upgrades
| Witch Doctor Training | 2 | |
| Shaman Training | 2 | |
| Spirit Walker Training | 2 | |
| Liquid Fire | 1 | |
| Reinforced Defenses | 1 | |
| Spiked Barricades | 1 | |
9 total
» buildings
| Altar of Storms | 1 | |
| Orc Burrow | 3 | |
| Voodoo Lounge | 3 | |
| War Mill | 4 | |
| Watch Tower | 116 | |
| Stronghold | 3 | |
| Beastiary | 2 | |
| Fortress | 2 | |
| Spirit Lodge | 2 | |
| Great Hall | 2 | |
138 total
» build order
00:14 Altar of Storms
00:21 Orc Burrow
01:03 Voodoo Lounge
01:17 War Mill
01:40 Orc Burrow
02:30 Watch Tower
02:45 Watch Tower
03:40 Watch Tower
03:52 Watch Tower
03:54 Stronghold
03:54 Stronghold
05:03 Voodoo Lounge
05:41 Watch Tower
05:42 Watch Tower
05:43 Watch Tower
06:55 Beastiary
06:58 Watch Tower
06:58 Watch Tower
07:23 Fortress
07:23 Fortress
07:58 Spirit Lodge
08:00 Spirit Lodge
08:35 Beastiary
08:59 Watch Tower
08:59 Watch Tower
09:07 Orc Burrow
09:12 Watch Tower
10:10 Watch Tower
10:49 Watch Tower
10:52 Watch Tower
11:39 Voodoo Lounge
12:47 Watch Tower
12:48 Watch Tower
12:52 Great Hall
14:52 Watch Tower
14:53 Watch Tower
14:54 Watch Tower
16:05 Watch Tower
17:42 Watch Tower
17:43 Watch Tower
18:01 Watch Tower
19:25 Watch Tower
19:26 Watch Tower
19:26 Watch Tower
19:26 Watch Tower
19:29 Watch Tower
19:30 Watch Tower
19:30 Watch Tower
20:41 Watch Tower
20:42 Watch Tower
22:58 Watch Tower
22:58 Watch Tower
22:59 Watch Tower
23:00 Watch Tower
23:00 Watch Tower
23:01 Watch Tower
25:19 Watch Tower
25:22 Watch Tower
25:25 Watch Tower
27:05 Watch Tower
27:07 Watch Tower
27:12 Watch Tower
29:39 Watch Tower
29:42 Watch Tower
29:48 Watch Tower
29:49 Watch Tower
29:50 Watch Tower
33:42 Watch Tower
34:51 Watch Tower
34:54 Watch Tower
35:04 Watch Tower
35:24 War Mill
35:55 Watch Tower
35:57 Watch Tower
36:17 Watch Tower
36:20 Watch Tower
36:56 Watch Tower
37:13 Watch Tower
37:15 Watch Tower
37:53 Watch Tower
37:55 Watch Tower
37:57 Watch Tower
38:02 Watch Tower
38:03 Watch Tower
38:37 Watch Tower
38:39 Watch Tower
38:41 Watch Tower
38:42 Watch Tower
38:45 Watch Tower
38:46 Watch Tower
39:27 War Mill
40:45 War Mill
41:51 Watch Tower
41:52 Watch Tower
43:34 Watch Tower
43:37 Watch Tower
43:40 Watch Tower
43:42 Watch Tower
43:43 Watch Tower
43:44 Watch Tower
45:33 Watch Tower
45:33 Watch Tower
45:34 Watch Tower
45:35 Watch Tower
45:36 Watch Tower
45:42 Watch Tower
45:43 Watch Tower
45:45 Watch Tower
45:46 Watch Tower
45:46 Watch Tower
45:49 Watch Tower
45:50 Watch Tower
45:51 Watch Tower
45:53 Watch Tower
45:54 Watch Tower
45:54 Watch Tower
45:55 Watch Tower
45:57 Watch Tower
45:59 Watch Tower
46:14 Watch Tower
46:27 Great Hall
46:52 Watch Tower
46:53 Watch Tower
46:54 Watch Tower
46:55 Watch Tower
46:58 Watch Tower
46:59 Watch Tower
47:01 Watch Tower
47:05 Watch Tower
47:12 Watch Tower
48:29 Watch Tower
48:42 Watch Tower
48:43 Watch Tower
48:43 Watch Tower
48:44 Watch Tower
48:45 Watch Tower
48:45 Watch Tower
» items
| Lesser Clarity Potion | 10 | |
| Healing Salve | 3 | |
| Scroll of Speed | 2 | |
| Staff of Teleportation | 1 | |
| Boots of Speed | 1 | |
| Circlet of Nobility | 1 | |
| Periapt of Vitality | 1 | |
| Potion of Mana | 2 | |
| Orb of Lightning | 4 | |
| Potion of Invisibility | 1 | |
| Potion of Lesser Invulnerability | 1 | |
| Scroll of Town Portal | 3 | |
| Potion of Healing | 1 | |
31 total
MrFrosty (
blue | 81 APM | 3944 actions | 48:55)
6 Mountain King
3 Storm Bolt
2 Bash
1 Avatar
3 Blood Mage
2 Banish
1 Siphon Mana
3 Paladin
2 Holy Light
1 Divine Shield
» actions
| Assign group hotkey | 19 | |
| Basic commands | 48 | |
| Build / train | 173 | |
| ESC pressed | 1 | |
| Enter build submenu | 68 | |
| Enter hero's abilities submenu | 14 | |
| Give item / drop item | 2 | |
| Right click | 1771 | |
| Select / deselect | 813 | |
| Select group hotkey | 694 | |
| Use ability | 341 | |
3944 total
» units
| Peasant | 44 | |
| Gnoll Brute | 1 | |
| Priest | 3 | |
| Sorceress | 3 | |
51 total
» upgrades
| Masonry | 3 | |
| Lumber Harvesting | 2 | |
| Magic Sentry | 1 | |
| Sorceress Training | 2 | |
| Priest Training | 2 | |
| Backpack | 1 | |
11 total
» buildings
| Altar of Kings | 1 | |
| Scout Tower | 126 | |
| Farm | 5 | |
| Lumber Mill | 2 | |
| Arcane Tower | 14 | |
| Guard Tower | 46 | |
| Arcane Vault | 2 | |
| Town Hall | 1 | |
| Keep | 1 | |
| Arcane Sanctum | 1 | |
| Castle | 1 | |
| Blacksmith | 1 | |
| Workshop | 1 | |
| Cannon Tower | 10 | |
212 total
» build order
00:05 Altar of Kings
00:34 Scout Tower
00:36 Farm
00:46 Lumber Mill
01:01 Arcane Tower
01:23 Farm
01:39 Scout Tower
02:08 Scout Tower
02:22 Guard Tower
02:27 Farm
03:21 Guard Tower
03:34 Scout Tower
04:28 Scout Tower
04:50 Scout Tower
04:55 Scout Tower
05:03 Scout Tower
05:04 Scout Tower
05:04 Scout Tower
05:11 Arcane Tower
05:16 Arcane Vault
05:33 Scout Tower
05:34 Scout Tower
05:35 Scout Tower
05:36 Arcane Tower
05:42 Guard Tower
05:47 Arcane Tower
06:05 Guard Tower
06:12 Guard Tower
07:27 Guard Tower
07:32 Guard Tower
07:55 Scout Tower
08:23 Arcane Tower
08:27 Scout Tower
09:21 Guard Tower
09:22 Scout Tower
10:04 Town Hall
10:36 Arcane Tower
11:05 Keep
11:14 Scout Tower
11:15 Scout Tower
11:16 Scout Tower
11:17 Scout Tower
11:23 Farm
11:26 Farm
11:43 Guard Tower
12:49 Arcane Tower
12:51 Scout Tower
12:52 Scout Tower
12:52 Scout Tower
12:53 Scout Tower
13:05 Guard Tower
13:10 Scout Tower
13:11 Scout Tower
13:17 Scout Tower
13:18 Scout Tower
13:22 Scout Tower
13:22 Scout Tower
13:23 Scout Tower
13:40 Arcane Sanctum
14:27 Arcane Tower
14:29 Guard Tower
14:51 Guard Tower
15:13 Castle
15:28 Arcane Tower
15:29 Guard Tower
15:34 Scout Tower
15:35 Scout Tower
16:20 Guard Tower
16:23 Scout Tower
16:23 Scout Tower
16:24 Scout Tower
17:58 Guard Tower
18:42 Arcane Vault
19:13 Scout Tower
19:14 Scout Tower
19:16 Scout Tower
19:17 Scout Tower
20:32 Guard Tower
20:52 Guard Tower
21:08 Guard Tower
23:17 Scout Tower
23:18 Scout Tower
23:19 Scout Tower
23:20 Scout Tower
23:21 Scout Tower
23:22 Scout Tower
23:24 Scout Tower
23:25 Scout Tower
23:25 Scout Tower
23:26 Scout Tower
23:27 Scout Tower
25:03 Arcane Tower
25:06 Arcane Tower
25:08 Guard Tower
25:21 Guard Tower
25:22 Guard Tower
25:28 Scout Tower
25:32 Scout Tower
25:35 Scout Tower
25:36 Scout Tower
25:37 Scout Tower
25:37 Scout Tower
25:41 Scout Tower
25:45 Scout Tower
25:47 Scout Tower
25:48 Scout Tower
25:49 Scout Tower
26:17 Guard Tower
27:00 Guard Tower
28:23 Arcane Tower
28:25 Guard Tower
28:35 Blacksmith
29:22 Guard Tower
30:29 Workshop
31:36 Scout Tower
31:37 Scout Tower
31:38 Scout Tower
31:55 Scout Tower
31:56 Scout Tower
32:08 Cannon Tower
32:10 Scout Tower
33:38 Arcane Tower
33:41 Cannon Tower
33:43 Guard Tower
35:41 Scout Tower
35:55 Scout Tower
36:01 Scout Tower
36:10 Guard Tower
36:23 Cannon Tower
36:26 Scout Tower
36:29 Scout Tower
36:30 Scout Tower
36:33 Guard Tower
36:36 Scout Tower
36:38 Scout Tower
36:40 Scout Tower
36:58 Guard Tower
37:16 Guard Tower
37:20 Scout Tower
37:21 Scout Tower
37:23 Scout Tower
37:34 Scout Tower
37:36 Guard Tower
37:56 Scout Tower
37:57 Scout Tower
37:59 Scout Tower
38:01 Scout Tower
38:01 Scout Tower
38:03 Scout Tower
38:34 Cannon Tower
38:36 Guard Tower
38:45 Guard Tower
39:07 Cannon Tower
39:14 Arcane Tower
39:21 Scout Tower
39:22 Scout Tower
39:23 Scout Tower
39:25 Scout Tower
40:42 Cannon Tower
40:44 Guard Tower
40:47 Scout Tower
40:48 Scout Tower
40:50 Scout Tower
41:28 Guard Tower
41:35 Scout Tower
41:36 Scout Tower
41:37 Scout Tower
41:38 Scout Tower
41:40 Scout Tower
41:40 Scout Tower
42:20 Guard Tower
42:37 Cannon Tower
42:39 Guard Tower
42:40 Guard Tower
43:39 Guard Tower
43:46 Scout Tower
43:47 Scout Tower
43:48 Scout Tower
43:51 Scout Tower
43:52 Scout Tower
43:53 Scout Tower
44:27 Scout Tower
44:28 Scout Tower
44:28 Scout Tower
44:29 Scout Tower
44:31 Scout Tower
44:33 Scout Tower
44:34 Scout Tower
44:35 Scout Tower
44:37 Guard Tower
44:47 Lumber Mill
45:03 Cannon Tower
45:28 Cannon Tower
45:30 Guard Tower
45:31 Guard Tower
45:45 Guard Tower
45:49 Scout Tower
45:49 Scout Tower
45:50 Scout Tower
45:51 Scout Tower
45:52 Scout Tower
45:53 Scout Tower
46:30 Guard Tower
46:37 Scout Tower
46:39 Scout Tower
46:40 Scout Tower
47:13 Cannon Tower
47:14 Guard Tower
47:18 Scout Tower
47:21 Scout Tower
47:22 Scout Tower
47:45 Guard Tower
» items
| Staff of Teleportation | 3 | |
| Boots of Speed | 3 | |
| Lesser Clarity Potion | 4 | |
| Scroll of Regeneration | 2 | |
| Scroll of Town Portal | 3 | |
| Orb of Lightning | 3 | |
| Circlet of Nobility | 3 | |
| Staff of Sanctuary | 3 | |
24 total
team 2 (loser)
Clis (
orange | 43 APM | 2080 actions | 48:54)
4 Death Knight
2 Death Coil
2 Unholy Aura
» actions
| Assign group hotkey | 30 | |
| Build / train | 85 | |
| Enter build submenu | 34 | |
| Enter hero's abilities submenu | 4 | |
| Right click | 1172 | |
| Select / deselect | 466 | |
| Select group hotkey | 217 | |
| Use ability | 72 | |
2080 total
» units
| Acolyte | 22 | |
| Ghoul | 6 | |
| Crypt Fiend | 10 | |
| Frost Wyrm | 22 | |
60 total
» upgrades
| Creature Attack | 2 | |
| Web | 1 | |
| Creature Carapace | 1 | |
| Freezing Breath | 1 | |
5 total
» buildings
| Graveyard | 1 | |
| Crypt | 1 | |
| Altar of Darkness | 1 | |
| Ziggurat | 18 | |
| Tomb of Relics | 1 | |
| Nerubian Tower | 3 | |
| Halls of the Dead | 1 | |
| Black Citadel | 1 | |
| Sacrificial Pit | 1 | |
| Spirit Tower | 9 | |
| Boneyard | 2 | |
| Necropolis | 1 | |
40 total
» build order
00:38 Graveyard
00:44 Crypt
00:54 Altar of Darkness
01:07 Ziggurat
01:16 Ziggurat
01:30 Tomb of Relics
02:02 Nerubian Tower
05:49 Ziggurat
05:53 Halls of the Dead
07:24 Ziggurat
07:56 Ziggurat
08:14 Black Citadel
08:20 Sacrificial Pit
09:49 Ziggurat
09:51 Ziggurat
10:09 Spirit Tower
10:11 Spirit Tower
10:20 Spirit Tower
10:39 Boneyard
10:56 Boneyard
19:26 Ziggurat
19:32 Ziggurat
23:38 Ziggurat
25:07 Ziggurat
25:10 Ziggurat
25:46 Necropolis
26:05 Ziggurat
26:45 Ziggurat
28:45 Ziggurat
29:39 Ziggurat
30:12 Ziggurat
31:13 Nerubian Tower
31:16 Spirit Tower
31:30 Spirit Tower
31:35 Nerubian Tower
31:55 Spirit Tower
32:05 Spirit Tower
43:23 Spirit Tower
43:24 Spirit Tower
45:24 Ziggurat
» items
glux (
red | 94 APM | 4577 actions | 48:46)
5 Blademaster
3 Wind Walk
2 Critical Strike
3 Shadow Hunter
1 Hex
2 Healing Wave
» actions
| Assign group hotkey | 54 | |
| Basic commands | 72 | |
| Build / train | 88 | |
| ESC pressed | 7 | |
| Enter build submenu | 45 | |
| Enter hero's abilities submenu | 9 | |
| Give item / drop item | 2 | |
| Right click | 1991 | |
| Select / deselect | 832 | |
| Select group hotkey | 1255 | |
| Use ability | 222 | |
4577 total
» units
| Peon | 23 | |
| Grunt | 9 | |
| Raider | 15 | |
| Troll Batrider | 5 | |
| Demolisher | 2 | |
| Troll Witch Doctor | 4 | |
58 total
» upgrades
| Berserker Strength | 1 | |
| Ensnare | 1 | |
| Armor | 3 | |
| Liquid Fire | 1 | |
| Witch Doctor Training | 2 | |
| Reinforced Defenses | 1 | |
9 total
» buildings
| Altar of Storms | 1 | |
| Orc Burrow | 5 | |
| Barracks | 1 | |
| Voodoo Lounge | 1 | |
| Stronghold | 1 | |
| War Mill | 1 | |
| Beastiary | 2 | |
| Watch Tower | 26 | |
| Fortress | 1 | |
| Great Hall | 2 | |
| Spirit Lodge | 1 | |
42 total
» build order
00:07 Altar of Storms
00:18 Orc Burrow
00:48 Barracks
01:30 Orc Burrow
01:51 Voodoo Lounge
02:36 Orc Burrow
04:53 Stronghold
05:16 War Mill
05:42 Orc Burrow
07:20 Beastiary
07:24 Watch Tower
08:04 Fortress
08:13 Beastiary
09:37 Watch Tower
11:42 Orc Burrow
13:14 Great Hall
13:48 Watch Tower
13:53 Watch Tower
14:22 Spirit Lodge
19:38 Watch Tower
21:04 Watch Tower
21:14 Watch Tower
25:30 Watch Tower
25:37 Watch Tower
25:43 Watch Tower
28:53 Watch Tower
31:13 Watch Tower
31:14 Watch Tower
31:19 Watch Tower
31:21 Watch Tower
31:41 Watch Tower
32:06 Watch Tower
33:43 Watch Tower
33:46 Watch Tower
33:51 Great Hall
34:00 Watch Tower
40:51 Watch Tower
44:12 Watch Tower
44:16 Watch Tower
44:21 Watch Tower
44:25 Watch Tower
44:41 Watch Tower
» items
| Scroll of Town Portal | 3 | |
| Healing Salve | 3 | |
| Orb of Lightning | 1 | |
7 total
wayn0x (
green | 69 APM | 3386 actions | 48:48)
5 Keeper of the Grove
3 Entangling Roots
2 Thorns Aura
2 Naga Sea Witch
1 Frost Arrows
1 Forked Lightning
2 Dark Ranger
1 Silence
1 Life Drain
» actions
| Assign group hotkey | 38 | |
| Basic commands | 1 | |
| Build / train | 102 | |
| Enter build submenu | 37 | |
| Enter hero's abilities submenu | 12 | |
| Remove unit from queue | 1 | |
| Right click | 1768 | |
| Select / deselect | 668 | |
| Select group hotkey | 530 | |
| Use ability | 229 | |
3386 total
» units
| Wisp | 37 | |
| Huntress | 12 | |
| Druid of the Talon | 20 | |
| Dryad | 7 | |
76 total
» upgrades
| Druid of the Talon Training | 2 | |
| Abolish Magic | 1 | |
| Strength of the Wild | 1 | |
4 total
» buildings
| Altar of Elders | 1 | |
| Moon Well | 7 | |
| Hunter's Hall | 1 | |
| Ancient of War | 2 | |
| Ancient Protector | 13 | |
| Tree of Ages | 1 | |
| Ancient of Wind | 1 | |
| Ancient of Lore | 1 | |
| Ancient of Wonders | 1 | |
| Tree of Eternity | 2 | |
| Tree of Life | 5 | |
| Chimaera Roost | 3 | |
38 total
» build order
00:04 Altar of Elders
00:22 Moon Well
02:16 Hunter's Hall
02:18 Ancient of War
02:20 Ancient of War
02:28 Moon Well
03:21 Moon Well
04:16 Moon Well
05:22 Ancient Protector
07:21 Ancient Protector
07:24 Ancient Protector
08:02 Tree of Ages
10:26 Ancient of Wind
10:28 Ancient of Lore
10:31 Ancient of Wonders
11:33 Moon Well
11:37 Tree of Eternity
13:23 Tree of Life
18:08 Moon Well
20:37 Tree of Life
20:58 Tree of Life
21:58 Moon Well
22:09 Tree of Life
24:18 Ancient Protector
24:20 Ancient Protector
24:25 Ancient Protector
25:21 Ancient Protector
25:24 Ancient Protector
30:15 Tree of Life
31:07 Ancient Protector
31:09 Ancient Protector
31:11 Ancient Protector
31:13 Ancient Protector
31:15 Ancient Protector
47:02 Chimaera Roost
47:02 Chimaera Roost
47:02 Chimaera Roost
» items
Chat log
(00:06 / All) kunt.roII: way
(00:07 / All) kunt.roII: n0x
(00:12 / All) MrFrosty: way
(00:14 / All) MrFrosty: n0x
(00:22 / All) Ishamal: way
(00:24 / All) Ishamal: n0x
(00:29 / All) kunt.roII:
(01:46 / All) MrFrosty: way
(01:48 / All) MrFrosty: n0x
(01:52 / All) kunt.roII: way
(01:54 / All) kunt.roII: n0x
(07:23 / All) MrFrosty: way nox
(11:04 / All) kunt.roII: Noob ally
(18:04 / All) MrFrosty: pretty good attack
(22:46 / All) MrFrosty: he died for a good cause
(28:18 / All) MrFrosty: you cant keep a good karnwield the seeker down
(33:43 / All) wayn0x: z
(33:43 / All) kunt.roII: N0x
(34:37 / All) kunt.roII: ITS CAlled a ROAD
(34:40 / All) kunt.roII: ITS CALLED A RAINBOW ROAD
(38:09 / All) kunt.roII: its the rainbow road
(40:19 / All) kunt.roII: way
(40:20 / All) kunt.roII: n0x
(41:17 / All) MrFrosty: you cant stop progress
(43:27 / All) MrFrosty: the monsoon council has zoned this area as a noob free zone
(43:34 / All) MrFrosty: you will be evicted by force
(47:48 / All) kunt.roII: out
(48:40 / All) MrFrosty: this construction will continue
(48:46 / All) Ishamal: 2ez noobs